 Dungeon Crawl Stone Soup version 0.28.0-47-ge53b351184 (webtiles) character file.

Game seed: 2314043074724944984

131 Bruhh the Magician (level 5, -2/35 HPs)
             Began as a Djinni Fire Elementalist on Apr 30, 2022.
             Slain by a hobgoblin (4 damage)
             ... led by Robin
             ... on level 3 of the Dungeon.
             The game lasted 00:02:18 (2378 turns).

Bruhh the Magician (Djinni Fire Elementalist)       Turns: 2378, Time: 00:02:19

Health: -2/35      AC:  2    Str:  7    XL:     5   Next: 37%
Gold:   91         EV: 12    Int: 19    God:
                   SH:  0    Dex: 13

rFire   + + .      SeeInvis .   (no weapon)
rCold   x . .      Faith    .   (no shield)
rNeg    . . .      Spirit   .   a - +0 robe
rPois   ∞          Reflect  .   (no helmet)
rElec   .          Harm     .   (no cloak)
rCorr   .          Rampage  .   (no gloves)
Will    .....                   (boots unavailable)
Stlth   ++........              (no amulet)
HPRegen 0.11/turn               (no ring)
MPRegen 0.00/turn               (no ring)

@: mighty, flying
A: sickness immunity, fire resistance 2, cold vulnerability 1, float, innate
caster, HP casting, extra vitality 1
a: no special abilities


You were on level 3 of the Dungeon.
You visited 1 branch of the dungeon, and saw 3 of its levels.

You collected 91 gold pieces.

Inventory:

Armour
 a - a +0 robe (worn)
Wands
 h - a wand of mindburst (3)
Scrolls
 b - a scroll of silence {unknown}
 c - a scroll of teleportation {unknown}
 d - a scroll of enchant armour {unknown}
 e - a scroll of noise {unknown}
 f - 3 scrolls of identify {unknown}
 g - 2 scrolls of immolation {unknown}
 k - a scroll of enchant weapon {unknown}
 l - a scroll of magic mapping {unknown}
Potions
 i - 2 potions of heal wounds {unknown}


   Skills:
 - Level 2.1 Dodging
 - Level 1.5 Stealth
 + Level 4.4 Spellcasting


You couldn't memorise any spells.
You knew the following spells:

 Your Spells              Type           Power      Damage    Failure   Level
a - Foxfire               Conj/Fire      84%        2x1d8     2%          1
b - Scorch                Fire           42%        2d7       3%          2
c - Conjure Flame         Conj/Fire      21%        6-21      6%          3
d - Inner Flame           Hex/Fire       21%        N/A       6%          3
e - Flame Wave            Conj/Fire      21%        2d7       22%         4
f - Sting                 Tmut/Pois      84%        1d7       2%          1
g - Searing Ray           Conj           42%        2d6       3%          2
Your spell library was empty.

Dungeon Overview and Level Annotations

Branches:
Dungeon (3/15)

Altars:


Innate Abilities, Weirdness & Mutations

You are immune to sickness and miasma.
You are immune to poison.
Your flesh is very heat resistant. (rF++)
You are vulnerable to cold. (rC-)
You float through the air rather than walking.
You learn spells naturally, not from books.
Your magical power is your life essence.
You have superior vitality. (+4 MHP)


Message History

The searing ray hits the hobgoblin but does no damage.
The searing ray misses the goblin.
The searing ray hits the goblin! (Press . to maintain the ray.)
The goblin explodes!
The fiery explosion engulfs Robin!
The fiery explosion engulfs the hobgoblin!!!
You kill the hobgoblin!
Robin explodes!
The fiery explosion engulfs the goblin!!!
You kill the goblin!
You hear a shout!
A goblin comes into view. It is wielding a +0 dagger.
The goblin hits you with a +0 club.
* * * LOW HITPOINT WARNING * * *
The hobgoblin barely misses you.
Unknown command.
Casting: Searing Ray (safe; 3% risk of failure)
Confirm with . or Enter, or press ? or * to list all spells.
Flames lash the hobgoblin.
The hobgoblin is severely wounded.
The hobgoblin's fire resistance burns away.
* * * LOW HITPOINT WARNING * * *
You hear a shout!
The goblin closely misses you.
It was a potion of might.
You feel very mighty all of a sudden. The goblin closely misses you.
The goblin hits you but does no damage. The hobgoblin barely misses you.
Okay, then.
You closely miss the goblin. The goblin barely misses you.
The goblin hits you with a +0 club.
* * * LOW HITPOINT WARNING * * *
The hobgoblin barely misses you.
You hit the goblin.
The goblin is moderately wounded.
The hobgoblin is no longer more vulnerable to fire.
A kobold comes into view. It is wielding a +0 dagger.
The goblin hits you with a +0 dagger.
* * * LOW HITPOINT WARNING * * *
The goblin barely misses you. The hobgoblin hits you.
You die...

###..#
#.>.##
###.###
#...#
#.###
#.# #.#
#g# #@#


#Sgg# #.### #.§ §§§ g§§# ..#K ..# You could see an adder (inner flame), a
hobgoblin, 3 goblins and a kobold.

Vanquished Creatures
  A jelly (D:3)
  Jessica (D:3)
  Robin (D:3)
  3 adders (D:2)
  2 endoplasms
  2 giant cockroaches (D:2)
  6 goblins
  4 hobgoblins
  4 jackals (D:1)
  4 kobolds (D:1)
  A quokka (D:1)
  2 ball pythons
  5 bats
  3 rats
39 creatures vanquished.

Vanquished Creatures (others)
  80 foxfires
80 creatures vanquished.

Grand Total: 119 creatures vanquished

Notes
Turn   | Place    | Note
-------+----------+-------------------------------------------
     0 | D:1      | Bruhh the Djinni Fire Elementalist began the quest for the
                  | Orb.
     0 | D:1      | Reached XP level 1. HP: 15/15 MP: 0/0
   409 | D:1      | Reached XP level 2. HP: 14/21 MP: 0/0
   636 | D:1      | Reached skill level 3 in Spellcasting
   952 | D:1      | Found a faded altar of an unknown god.
  1076 | D:2      | Reached XP level 3. HP: 22/25 MP: 0/0
  1076 | D:2      | Learned a level 1 spell: Sting
  1486 | D:2      | Reached XP level 4. HP: 12/31 MP: 0/0
  2183 | D:3      | Noticed Jessica
  2188 | D:3      | Reached skill level 4 in Spellcasting
  2189 | D:3      | Killed Jessica
  2190 | D:3      | Reached XP level 5. HP: 21/35 MP: 0/0
  2190 | D:3      | Learned a level 2 spell: Searing Ray
  2368 | D:3      | Noticed Robin
  2374 | D:3      | Killed Robin
  2378 | D:3      | Slain by a hobgoblin

Illustrated notes

Levels and vault maps discovered:
D:1:      lightli_arrival_isolated_outpost, layout_rooms,
          dreamdust_ecumenical_altar_angels_and_demons, st_stairs_4
D:2:      layout_loops_ring
D:3:      wad_crossroads, layout_rooms, lemuel_tele_altar,
          gammafunk_temple_overflow_pools, uniq_terence, uniq_jessica,
          uniq_robin

Skill      XL: |  1  2  3  4 |
---------------+-------------+-----
Spellcasting   | 3 4 |  4.4
Dodging        | |  2.1
Stealth        | |  1.5

Action                   |  1- 3 |  4- 6 || total
-------------------------+-------+-------++-------
Melee: Unarmed           |     6 |     4 ||    10
 Cast: Foxfire           |    46 |       ||    46
       Scorch            |    14 |    12 ||    26
       Inner Flame       |       |     4 ||     4
       Searing Ray       |       |     1 ||     1
  Use: Potion            |       |     1 ||     1
Armor: Robe              |     3 |     3 ||     6
Dodge: Dodged            |    17 |    16 ||    33
